AoeStats
← bumbsbomba74

Arabia

503260232Analyzed
1v1 RM · 1mo ago on Aug 30, 2026· 55m 1s· 2 players
Game mode
Random Map
Map size
Tiny (2 player)
Population
200
Speed
Normal
Resources
Standard
Victory
Conquest
Starting age
Dark Age
Ending age
Imperial Age
RankedLock teamsTeams togetherTeam positionsShared explorationLock speedFull tech treeHidden civsTurbo modeCheats
Victory
Defeat
🇩🇪 Malians · Germany
1326
+19
🇦🇷 Bohemians · Argentina
1403
-19
Martin Miguel de Güemes
6:42 Loom
9:16 Feudal Age
9:27 Man-at-Arms
15:01 Fletching
16:36 Padded Archer Armor
18:22 Scale Mail Armor
22:40 Castle Age
22:34 Horse Collar
22:41 Crossbowman
23:17 Bodkin Arrow
25:40 Chemistry
25:52 Double-Bit Axe
28:37 Long Swordsman
30:15 Wheelbarrow
29:40 Town Watch
32:19 Squires
34:44 Chain Mail Armor
44:39 Imperial Age
44:26 Ballistics
44:49 Bow Saw
47:39 Leather Archer Armor
47:31 Bracer
50:36 Siege Engineers
51:16 Hand Cart
51:05 Pikeman
52:16 Plate Mail Armor
bumbsbomba74
6:03 Loom
8:54 Feudal Age
8:56 Man-at-Arms
14:16 Fletching
21:19 Castle Age
19:34 Horse Collar
19:45 Gold Mining
20:23 Padded Archer Armor
22:25 Bodkin Arrow
23:09 Double-Bit Axe
24:17 Bow Saw
24:36 Leather Archer Armor
25:37 Elite Skirmisher
32:30 Heavy Plow
32:52 Stone Mining
34:56 Stone Shaft Mining
42:41 Imperial Age
40:33 Scale Mail Armor
41:23 Wheelbarrow
41:35 Chain Mail Armor
41:31 Forging
40:43 Long Swordsman
43:33 Forging
43:48 Conscription
43:45 Town Watch
44:16 Hand Cart
43:38 Two-Handed Swordsman
44:19 Squires
45:25 Plate Mail Armor
45:08 Champion
46:58 Gold Shaft Mining
47:59 Ring Archer Armor
48:11 Ballistics
49:29 Chemistry
49:32 Scale Barding Armor
49:47 Light Cavalry
50:27 Husbandry
50:42 Bloodlines
50:32 Husbandry
50:54 Chain Barding Armor
51:10 Iron Casting
50:36 Farimba
52:22 Plate Barding Armor
53:49 Masonry
Connection lost

Rejoining the realm…

Still unreachable

The connection could not be restored.

Session expired

The server has moved on; the page needs a fresh start.